AoeStats
← CTMlLOMBANA

African Clearing

510315702Analyzed
4v4 RM · 2d ago on Sep 30, 2026· 46m 22s· 8 players
Game mode
Random Map
Map size
Large (8 player)
Population
200
Speed
Normal
Resources
Standard
Victory
Conquest
Starting age
Dark Age
Ending age
Imperial Age
RankedLock teamsTeams togetherTeam positionsShared explorationLock speedFull tech treeHidden civsTurbo modeCheats
Victory
Defeat
🇹🇼 Mongols · Taiwan
1395
+15
🇦🇷 Vietnamese · Argentina
1394
+15
🇨🇳 Italians · China
1378
+16
🇨🇳 Huns · China
1332
+17
🇨🇴 Khitans · Colombia
1446
-18
🇨🇱 Khmer · Chile
1367
-16
🇷🇺 Gurjaras · Russia
1341
-15
🇩🇪 Chinese · Germany
1317
-14
FF熊熊
11:08 Loom
13:21 Feudal Age
14:06 Town Watch
14:22 Double-Bit Axe
15:06 Fletching
17:08 Horse Collar
23:52 Fishing Lines
25:52 Wheelbarrow
28:28 Castle Age
27:44 Scale Mail Armor
30:06 Gillnets
31:32 Squires
31:33 Pikeman
32:54 Chain Mail Armor
33:31 Forging
38:32 Imperial Age
36:22 Stone Mining
37:19 Iron Casting
38:29 Bow Saw
39:31 Hand Cart
41:39 Two-Man Saw
40:39 Bodkin Arrow
41:47 Chemistry
41:13 Ballistics
41:43 Conscription
41:39 Bracer
41:40 Padded Archer Armor
42:01 Gold Mining
42:47 Stone Shaft Mining
41:58 Treadmill Crane
43:47 Leather Archer Armor
43:58 Heavy Plow
44:05 Elite Genoese Crossbowman
46:16 Ring Archer Armor
46:41 Guilds
47:14 Plate Mail Armor
飛衫走奶
3:10 Loom
13:09 Feudal Age
14:23 Double-Bit Axe
17:35 Castle Age
16:45 Bloodlines
16:46 Forging
30:18 Horse Collar
34:03 Fletching
37:18 Wheelbarrow
37:28 Gold Mining
37:30 Stone Mining
37:58 Bow Saw
38:07 Heavy Plow
38:26 Bodkin Arrow
39:20 Padded Archer Armor
40:05 Gold Shaft Mining
40:17 Stone Shaft Mining
40:53 Leather Archer Armor
41:43 Ballistics
41:44 Scale Barding Armor
42:16 Iron Casting
41:03 Light Cavalry
41:59 Husbandry
46:31 Imperial Age
45:09 Chain Barding Armor
都挺好
3:24 Loom
12:25 Feudal Age
17:29 Castle Age
15:53 Double-Bit Axe
15:58 Horse Collar
18:20 Fletching
22:34 Town Watch
31:11 Wheelbarrow
34:03 Bow Saw
34:40 Heavy Plow
35:30 Hand Cart
35:39 Bodkin Arrow
37:31 Padded Archer Armor
41:22 Imperial Age
38:56 Gold Mining
41:06 Leather Archer Armor
41:38 Bloodlines
41:29 Husbandry
44:06 Chemistry
43:28 Ballistics
43:10 Bracer
43:41 Ring Archer Armor
45:10 Two-Man Saw
44:46 Paper Money
45:04 Heavy Cavalry Archer
熙玄大帝
14:28 Feudal Age
12:50 Loom
19:07 Castle Age
18:25 Double-Bit Axe
20:31 Wheelbarrow
29:59 Hand Cart
30:21 Horse Collar
32:06 Heavy Plow
35:08 Imperial Age
33:21 Marauders
33:36 Bow Saw
33:34 Gold Mining
34:05 Bloodlines
33:56 Husbandry
34:10 Forging
34:05 Scale Barding Armor
35:40 Iron Casting
35:58 Chain Barding Armor
36:36 Gold Shaft Mining
35:48 Elite Tarkan
38:10 Blast Furnace
37:38 Conscription
38:34 Chain Barding Armor
39:15 Blast Furnace
40:16 Plate Barding Armor
41:02 Two-Man Saw
42:41 Guilds
boomer2000
7:12 Loom
14:51 Feudal Age
16:12 Double-Bit Axe
19:00 Castle Age
16:49 Horse Collar
20:25 Scale Barding Armor
20:24 Husbandry
20:35 Bloodlines
20:48 Bow Saw
26:35 Scale Barding Armor
31:53 Wheelbarrow
33:02 Chain Barding Armor
38:30 Imperial Age
37:40 Forging
38:53 Stone Mining
39:37 Heavy Plow
39:18 Elite Shrivamsha Rider
40:53 Plate Barding Armor
43:58 Chemistry
43:19 Ballistics
44:00 Iron Casting
43:19 Fletching
43:41 Gold Mining
44:33 Hand Cart
45:25 Gold Shaft Mining
45:32 Heavy Camel Rider
ttbenitez
3:10 Loom
13:17 Feudal Age
14:35 Double-Bit Axe
26:30 Castle Age
27:59 Wheelbarrow
32:40 Fletching
33:28 Bodkin Arrow
34:17 Horse Collar
35:02 Hand Cart
38:30 Gold Mining
40:59 Padded Archer Armor
43:41 Imperial Age
41:54 Gold Shaft Mining
41:43 Thumb Ring
41:01 Crossbowman
44:28 Bracer
CTMlLOMBANA
3:38 Loom
13:27 Feudal Age
16:27 Wheelbarrow
16:09 Forging
16:48 Scale Barding Armor
17:57 Double-Bit Axe
22:08 Castle Age
24:16 Iron Casting
24:01 Chain Barding Armor
25:42 Husbandry
26:02 Town Watch
29:00 Domestication
30:36 Hand Cart
41:39 Imperial Age
40:52 Gold Mining
41:11 Light Cavalry
42:10 Bow Saw
42:04 Pastoralism
42:00 Heavy Camel Rider
NPG EL POLLA RECORDS
12:01 Feudal Age
10:59 Loom
15:08 Double-Bit Axe
22:03 Castle Age
21:27 Forging
21:24 Scale Barding Armor
22:27 Bloodlines
23:34 Bow Saw
25:01 Horse Collar
27:38 Husbandry
29:01 Wheelbarrow
32:00 Chain Barding Armor
33:09 Sanctity
34:34 Heavy Plow
36:04 Gold Mining
40:52 Imperial Age
38:08 Town Watch
41:12 Iron Casting
40:39 Padded Archer Armor
41:08 Scale Mail Armor
42:19 Plate Barding Armor
42:10 Hand Cart
41:33 Pikeman
43:37 Blast Furnace
42:27 Fletching
Connection lost

Rejoining the realm…

Still unreachable

The connection could not be restored.

Session expired

The server has moved on; the page needs a fresh start.